 Dungeon Crawl Stone Soup version 0.30.0-11-gf55b779eaf (webtiles) character file.

Game seed: 415791150844544796

1873 qdestroyer the Cleaver (level 8, -4/71 HPs)
             Began as a Minotaur Fighter on May 17, 2023.
             Slain by a wyvern (12 damage)
             ... on level 7 of the Dungeon.
             The game lasted 00:08:19 (5131 turns).

qdestroyer the Cleaver (Minotaur Fighter)           Turns: 5131, Time: 00:08:20

Health: -4/71      AC: 10    Str: 23    XL:     8   Next: 91%
Magic:  7/7        EV: 13    Int:  5    God:
Gold:   310        SH:  5    Dex: 10    Spells: 7/7 levels left

rFire   . . .        a - +1 war axe
rCold   . . .        c - +0 buckler
rNeg    . . .        k - +0 chain mail
rPois   .            (helmet restricted)
rElec   .            (no cloak)
rCorr   .            (no gloves)
SInv    .            (no boots)
Will    .....        (no amulet)
Stlth   x              - +5 ring of evasion
HPRegen 0.31/turn    (no ring)
MPRegen 0.10/turn

%: no passive effects
@: mighty
A: horns 2, retaliatory headbutt
a: no special abilities


You were on level 7 of the Dungeon.
You visited 1 branch of the dungeon, and saw 7 of its levels.

You collected 310 gold pieces.

Inventory:

Hand Weapons
 a - a +1 war axe (weapon)
 b - a +1 heavy flail
Armour
 c - a +0 buckler (worn)
 k - a +0 chain mail (worn)
Jewellery
 x - a +5 ring of evasion (left hand)
Wands
 i - a wand of iceblast (10)
 r - a wand of paralysis (8)
Scrolls
 e - a scroll of magic mapping
 j - a scroll of enchant weapon
 m - a scroll of blinking
 n - a scroll of silence
 p - 2 scrolls of fear
 s - a scroll of poison
Potions
 f - 6 potions of curing
 g - 2 potions of flight
 h - 3 potions of ambrosia
 o - 3 potions of attraction
 q - a potion of resistance {unknown}
 t - a potion of brilliance {unknown}
 v - a potion of invisibility {unknown}
 w - a potion of haste {unknown}


   Skills:
 + Level 6.6 Fighting
 + Level 10.2 Axes
 + Level 7.7 Armour
 + Level 5.3 Shields


You had 7 spell levels left.
You didn't know any spells.
Your spell library contained the following spells:

 Spells                   Type           Power      Damage    Failure   Level
 Freeze                   Ice            0%         1d3       97%         1
 Cigotuvi's Dreadful Rot  Necr/Pois/Air  0%         N/A       99%         2
 Static Discharge         Conj/Air       0%         2-2/arc   99%         2
 Frozen Ramparts          Ice            0%         1d1       100%        3
 Hailstorm                Conj/Ice       0%         3d3       100%        3
 Ignite Poison            Fire/Tmut/Pois 0%         N/A       100%        3
 Fulminant Prism          Conj/Hex       0%         3d5       100%        4
 Freezing Cloud           Conj/Ice/Air   0%         6-21      100%        5


Dungeon Overview and Level Annotations

Branches:
Dungeon (7/15)
 Temple: D:4-7

Altars:
Qazlal


Innate Abilities, Weirdness & Mutations

You have a pair of horns on your head.
You reflexively headbutt those who attack you in melee.


Message History

You barely miss the yak. The yak gores you but does no damage.
You slash the yak! Your headbutt misses the yak.
The yak is lightly wounded.
A wyvern comes into view.
The yak completely misses you.
You slash the yak!
The yak is moderately wounded.
The yak gores you.
You hit the yak but do no damage. You headbutt the yak.
The yak is heavily wounded.
The yak gores you.
* * * LOW HITPOINT WARNING * * *
You hit the yak but do no damage. Your headbutt misses the yak.
The yak is heavily wounded.
The yak closely misses you. You furiously retaliate!
You headbutt the yak. The yak gores you but does no damage.
You barely miss the yak.
The yak is heavily wounded.
The yak closely misses you.
You barely miss the yak.
The yak is heavily wounded.
The yak barely misses you.
You slice the yak!! You headbutt the yak.
You kill the yak!
A hornet comes into view.
The wyvern bites you but does no damage.
Your Axes skill increases to level 10!
You closely miss the wyvern. Your headbutt misses the wyvern.
The wyvern closely misses you. You furiously retaliate!
You headbutt the wyvern! You barely miss the wyvern.
The wyvern is heavily wounded.
You block the wyvern's attack. The wyvern closely misses you.
You feel very mighty all of a sudden. The wyvern bites you!
* * * LOW HITPOINT WARNING * * *
You hit the wyvern. Your headbutt misses the wyvern.
The wyvern is severely wounded.
The wyvern bites you!
You die...

... ..# #.# ###.# ..#.#
#.#.# #+# #.#.# #.#
#.#####.#†# #.# ####
#......ol@# ##.##...
######y########...#.###
#.##...##........#
#......###.......#
####......)......#
########......#
#......# #.###### #.#


You could see a hornet, a wyvern and an orc.

Vanquished Creatures
  A yak (D:7)
  A water moccasin (D:6)
  2 black bears (D:5)
  2 ice beasts
  A sky beast (D:5)
  A centaur (D:7)
  A kobold brigand (D:7)
  5 bullfrogs
  2 scorpions (D:5)
  A jelly (D:4)
  3 hounds
  An orc priest (D:4)
  3 iguanas
  A sleepcap (D:5)
  Terence (D:3)
  An orc wizard (D:5)
  8 adders
  A shadow imp (D:6)
  4 white imps
  4 worms
  5 dart slugs
  19 orcs
  11 ball pythons
  5 endoplasms
  5 giant cockroaches
  6 goblins
  6 hobgoblins
  6 jackals (D:3)
  7 kobolds
  4 quokkas
  5 bats
  8 frilled lizards
  8 rats
139 creatures vanquished.

Notes
Turn   | Place    | Note
-------+----------+-------------------------------------------
     0 | D:1      | qdestroyer the Minotaur Fighter began the quest for the
                  | Orb.
     0 | D:1      | Reached XP level 1. HP: 19/19 MP: 0/0
    44 | D:1      | Reached XP level 2. HP: 23/27 MP: 1/1
   343 | D:1      | Reached skill level 3 in Axes
   412 | D:1      | Reached XP level 3. HP: 32/33 MP: 2/2
   489 | D:1      | You fall into a shaft and drop 1 floor!
  1012 | D:1      | Reached XP level 4. HP: 40/40 MP: 3/3
  1297 | D:2      | Got Sif Muna's Information on the Salvo
  1430 | D:3      | Noticed Terence
  1436 | D:3      | Killed Terence
  1437 | D:3      | Reached skill level 4 in Axes
  2407 | D:4      | Reached XP level 5. HP: 47/47 MP: 4/4
  2432 | D:4      | Found a stormy altar of Qazlal.
  2620 | D:4      | Reached skill level 5 in Armour
  2652 | D:4      | Reached skill level 5 in Axes
  2905 | D:5      | Entered Level 5 of the Dungeon
  2908 | D:5      | Noticed a black bear
  2921 | D:5      | Reached skill level 5 in Fighting
  2921 | D:5      | Reached XP level 6. HP: 53/56 MP: 5/5
  2927 | D:5      | Reached skill level 6 in Axes
  3019 | D:5      | Noticed an ice beast
  3024 | D:5      | Killed an ice beast
  3025 | D:5      | Reached XP level 7. HP: 61/61 MP: 6/6
  3034 | D:5      | Reached skill level 7 in Axes
  3738 | D:5      | Reached skill level 8 in Axes
  3941 | D:6      | Reached XP level 8. HP: 70/70 MP: 7/7
  3952 | D:6      | Reached skill level 5 in Shields
  4290 | D:6      | Reached skill level 9 in Axes
  5109 | D:7      | Identified the staff of death "Pidoane" {rF+ rN+ Will+
                  | rCorr Dex-5}
  5127 | D:7      | Noticed a hornet
  5128 | D:7      | Reached skill level 10 in Axes
  5131 | D:7      | Slain by a wyvern

Illustrated notes

Levels and vault maps discovered:
D:1:      amcnicky_arrival_feature_with_door, layout_basic
D:2:      layout_basic, minmay_vboxes
D:3:      layout_loops_ring, grunt_ministairs_7, chequers_serial_rivers_room_b,
          uniq_terence
D:4:      layout_rooms, mainiacjoe_overflow_cross_hatched,
          hangedman_minor_gate_pass
D:5:      layout_loops_cross
D:6:      layout_layer_cave
D:7:      layout_loops_corners, minmay_temple_entry_fiery,
          minmay_alternating_orb

Skill      XL: |  1  2  3  4  5  6  7  8 |
---------------+-------------------------+-----
Shields        | 4 5 |  5.3
Fighting       | 4 5 6 |  6.6
Armour         | 4 5 6 7 |  7.7
Axes           | 3 4 5 6 8 10 | 10.2

Action                     |  1- 3 |  4- 6 |  7- 9 || total
---------------------------+-------+-------+-------++-------
  Melee: War axe           |    86 |   104 |   123 ||   313
         Headbutt          |     8 |    11 |    24 ||    43
    Use: Scroll            |       |    10 |     6 ||    16
         Potion            |       |       |     1 ||     1
 Armour: Scale mail        |    35 |    38 |    13 ||    86
         Chain mail        |       |       |    24 ||    24
  Dodge: Dodged            |    40 |    64 |    75 ||   179
  Block: Buckler           |    21 |    20 |    19 ||    60
